 Dungeon Crawl Stone Soup version 0.27-a0-899-ge2d0b17c59 (webtiles) character file.

Game seed: 15744409779837567109

30 rageheart7 the Sneak (level 3, -2/23 HPs)
             Began as an Octopode Enchanter on Apr 6, 2021.
             Slain by a goblin
             ... wielding a +0 dagger
             ... led by Robin
              (4 damage)
             ... on level 2 of the Dungeon.
             The game lasted 00:01:22 (1140 turns).

rageheart7 the Sneak (Octopode Enchanter)           Turns: 1140, Time: 00:01:23

Health: -2/23      AC:  1    Str:  8    XL:     3   Next: 18%
Magic:  6/6        EV: 13    Int: 17    God:
Gold:   67         SH:  4    Dex: 12    Spells: 5/6 levels left

rFire    . . .     SeeInvis .   a - +1 dagger
rCold    . . .     Faith    .   (no shield)
rNeg     . . .     Spirit   .   (helmet restricted)
rPois    .         Reflect  .   (no amulet)
rElec    .         Harm     .   (no ring)
rCorr    .         Rampage  .   (no ring)
Will     .....                  (no ring)
Stlth    ++++......             (no ring)
HPRegen  0.07/turn              (no ring)
MPRegen  0.10/turn              (no ring)
                                (no ring)
                                (no ring)

@: brilliant
A: almost no armour, amphibious, 8 rings, camouflage 1, gelatinous body 1,
(nimble swimmer 1), tentacles, tentacle spike 2, large bone plates 1
a: no special abilities


You were on level 2 of the Dungeon.
You visited 1 branch of the dungeon, and saw 2 of its levels.

You collected 67 gold pieces.

Inventory:

Hand Weapons
 a - a +1 dagger (weapon)
Scrolls
 b - 2 scrolls of enchant weapon {unknown}
 e - a scroll of magic mapping {unknown}
 h - a scroll of teleportation {unknown}


   Skills:
 * Level 1.3 Fighting
 * Level 1.9 Short Blades
 - Level 2.0 Dodging
 * Level 4.7 Stealth
 - Level 2.0 Spellcasting
 - Level 3.0 Hexes


You had 5 spell levels left.
You knew the following spells:

 Your Spells              Type           Power      Damage    Failure   Level
a - Corona                Hex            18%        N/A       5%          1

Your spell library contained the following spells:

 Spells                   Type           Power      Damage    Failure   Level
 Ensorcelled Hibernation  Hex/Ice        20%        N/A       16%         2
 Confusing Touch          Hex            17%        N/A       17%         3
 Tukima's Dance           Hex            17%        N/A       17%         3
 Dazzling Flash           Conj/Hex       20%        N/A       30%         3


Dungeon Overview and Level Annotations

Branches:
Dungeon (2/15)

Altars:

Annotations:
D:2 Robin


Innate Abilities, Weirdness & Mutations

You cannot wear most types of armour.
You are amphibious.
You can wear up to eight rings at the same time.
Your skin changes colour to match your surroundings (Stealth+).
Your rubbery body absorbs attacks. (AC +1, EV +1)
((You are camouflaged near water. (Stealth+)))
You have tentacles for arms and can constrict up to eight enemies at once.
One of your tentacles bears a nasty spike.
You are partially covered in large bone plates. (SH +4)


Message History

You block the hobgoblin's attack.
You barely miss the hobgoblin. You grab the hobgoblin.
You constrict the hobgoblin, but do no damage.
Robin throws the goblin at you! The hobgoblin hits you.
A goblin comes into view. It is wielding a +0 club.
You hit the hobgoblin.
You pierce the hobgoblin.
You kill the hobgoblin!
The goblin hits you but does no damage.
You miss the goblin. Your grab misses the goblin.
The goblin no longer looks unusually strong.
The goblin closely misses you. Robin throws the goblin at you!
A goblin comes into view. It is wielding a +0 club.
The goblin completely misses you.
You barely miss the goblin. You grab the goblin. You constrict the goblin.
The goblin barely misses you. Robin throws the goblin at you!
The goblin barely misses you. The goblin hits you with a +0 club.
* * * LOW HITPOINT WARNING * * *
It was a potion of brilliance.
You feel clever all of a sudden.
You constrict the goblin.
A goblin comes into view. It is wielding a +0 club.
The goblin hits you with a +0 dagger.
* * * LOW HITPOINT WARNING * * *
The goblin closely misses you. The goblin completely misses you.
You hit the goblin.
You kill the goblin!
Robin throws the goblin at you!
* * * LOW HITPOINT WARNING * * *
A hobgoblin comes into view.
The goblin barely misses you. The goblin closely misses you.
You barely miss the goblin. You grab the goblin.
You pierce the goblin, but do no damage.
You squeeze the goblin.
The goblin is moderately wounded.
You constrict the goblin.
Robin flexes a bicep menacingly.
Robin roars a battlecry!
The goblin goes into a battle-frenzy!
The goblin hits you with a +0 dagger.
You die...

#.#######.# #.......#.#
#### #####.....####.#
.... #.....#..).ggg.#
...#
#####<#####...)##..#
##.# #......#..g#....# #
.#.# #.###..#.#g######
.#.# #.#.#..# #.# ...#
#.#....#.#@#
.######.#.#....#ggg.....
.....##.#.†..####......#
####.##...#.#........#.#
#......#.....#.####
####.#.....#.#.#
..#.#...#.#.# ##.#.#...#
#.# .)#.# ###


You could see Robin, a hobgoblin and 3 goblins.

Vanquished Creatures
  4 ball pythons
  4 bats
  2 endoplasms (D:1)
  A giant cockroach (D:2)
  7 goblins
  A hobgoblin (D:2)
  A jackal (D:1)
  3 frilled lizards (D:1)
  3 kobolds (D:1)
  A rat (D:1)
27 creatures vanquished.

Notes
Turn   | Place    | Note
-------+----------+-------------------------------------------
     0 | D:1      | rageheart7 the Octopode Enchanter began the quest for the
                  | Orb.
     0 | D:1      | Reached XP level 1. HP: 11/11 MP: 3/3
   275 | D:1      | Found a faded altar of an unknown god.
   314 | D:1      | Reached XP level 2. HP: 13/18 MP: 5/5
   459 | D:1      | Reached skill level 1 in Fighting
  1115 | D:2      | Noticed Robin
  1118 | D:2      | Reached XP level 3. HP: 14/23 MP: 6/6
  1129 | D:2      | Gained mutation: You are partially covered in large bone
                  | plates. (SH +4) [potion of mutation]
  1129 | D:2      | Gained mutation: One of your tentacles bears a spike.
                  | [potion of mutation]
  1129 | D:2      | Gained mutation: One of your tentacles bears a nasty spike.
                  | [potion of mutation]
  1140 | D:2      | Slain by a goblin

Illustrated notes

Levels and vault maps discovered:
D:1:      minmay_arrival_stair_chambers, layout_loops_ring,
          basic_ecumenical_altar, minmay_misc_feat_pillars, st_stairs_3,
          minmay_misc_feat_roman, kennysheep_minor_cross, minmay_tetromino_t2
D:2:      layout_basic, serial_shops, shop, uniq_robin

Skill      XL: |  1  2 |
---------------+-------+-----
Fighting       | 1 |  1.3
Short Blades   | |  1.9
Dodging        | |  2.0
Stealth        | |  4.7
Spellcasting   | |  2.0
Hexes          | |  3.0

Action                   || total
-------------------------++-------
Melee: Dagger            ||    49
       Constrict         ||    15
       Tentacles         ||     7
       Kick              ||     2
  Use: Potion            ||     5
 Stab: Sleeping          ||     8
Armor: Skin              ||     6
Dodge: Dodged            ||    36
Block: Other             ||     1

Table legend: (Time is in decaauts)
 A = Elapsed time spent in this place.
 B = Non-inter-level travel time spent in this place.
 C = Inter-level travel time spent in this place.
 D = Time resting spent in this place.
 E = Time spent auto-exploring this place.
 F = Levels seen in this place.
 G = Mean time per level.
                   A        B        C        D        E       F      G
               +--------+--------+--------+--------+--------+-----+--------+
         Total |   1136 |   1093 |     43 |      0 |    950 |   2 |  568.0 |
       Dungeon |   1136 |   1093 |     43 |      0 |    950 |   2 |  568.0 |
               +--------+--------+--------+--------+--------+-----+--------+

Top non-repeatable levels by time:
     D:1: 963 daAuts
     D:2: 173 daAuts
